 Dungeon Crawl Stone Soup version 0.27-a0-13-g87abb2d9eb (webtiles) character file.

Game seed: 8694829291304023712

21855 smips the Nimble (level 12, -11/126 HPs)
             Began as a Troll Monk on Jan 2, 2021.
             Was a High Priest of Makhleb.
             Killed from afar by a rime drake (30 damage)
             ... with a flash freeze
             ... on level 1 of the Lair of Beasts on Jan 3, 2021.
             The game lasted 00:38:24 (13500 turns).

smips the Nimble (Troll Monk)                      Turns: 13500, Time: 00:38:29

Health: -11/126    AC:  8    Str: 33    XL:     12   Next: 57%
Magic:  11/11      EV: 18    Int: 12    God:    Makhleb [*****.]
Gold:   978        SH:  0    Dex: 16    Spells: 11/11 levels left

rFire    . . .     SeeInvis .     - Unarmed
rCold    . . .     Faith    .   (no shield)
rNeg     + . .     Spirit   .   M - +0 troll leather armour
rPois    +         Reflect  .   (helmet restricted)
rElec    .         Harm     .   (no cloak)
rCorr    .         Rampage  .   (gloves unavailable)
Will     .....     Rnd*Tele +   (boots unavailable)
Stlth    ++........             I - macabre finger necklace {rN+}
HPRegen  1.11/turn              v - ring "Casuor" {*Tele rPois Str+5}
MPRegen  0.12/turn              m - +6 ring of intelligence
                                y - +6 ring of strength

@: about to teleport
A: large, unfitting armour, claws 3, regeneration 1, shaggy fur 1, tough skin 3
a: Renounce Religion, Minor Destruction, Lesser Servant of Makhleb, Major
Destruction, Greater Servant of Makhleb


You were on level 1 of the Lair of Beasts.
You worshipped Makhleb.
Makhleb was extremely pleased with you.
You visited 2 branches of the dungeon, and saw 15 of its levels.
You also visited: Sewer.

You collected 978 gold pieces.

Inventory:

Missiles
 J - 6 javelins (quivered)
Armour
 a - a +0 robe
 M - a +0 troll leather armour (worn)
Jewellery
 f - an uncursed amulet of guardian spirit
 m - a +6 ring of intelligence (right claw)
 q - an uncursed amulet of magic regeneration
 s - a cursed amulet of inaccuracy {unknown}
 v - the ring "Casuor" (left claw) {*Tele rPois Str+5}
   (You found it on level 5 of the Dungeon)

   [ring of teleportation]

   It may teleport you next to monsters.
   It affects your strength (+5).
   It protects you from poison.
 x - a +6 ring of intelligence
 y - a +6 ring of strength (on amulet)
 G - an uncursed ring of ice
 I - the macabre finger necklace (around neck) {rN+}
   (You found it on level 9 of the Dungeon)

   [amulet of nothing]

   It protects you from negative energy.
 L - a cursed amulet of reflection {unknown}
 N - a cursed ring of teleportation {unknown}
 Q - a cursed ring of willpower {unknown}
 U - a +4 ring of protection {unknown}
Wands
 j - a wand of disintegration (24)
 t - a wand of flame (30)
 w - a wand of polymorph (10)
 F - a wand of random effects (19)
 H - a wand of digging (8)
Scrolls
 c - 3 scrolls of enchant armour
 d - 8 scrolls of teleportation
 e - 4 scrolls of immolation
 g - 7 scrolls of enchant weapon
 i - 4 scrolls of amnesia
 k - 4 scrolls of magic mapping
 n - 2 scrolls of blinking {unknown}
 o - 7 scrolls of remove curse
 p - 4 scrolls of noise
 z - a scroll of random uselessness {unknown}
 A - 2 scrolls of fear
 C - 2 scrolls of fog
 R - a scroll of silence {unknown}
 S - a scroll of summoning {unknown}
Potions
 b - 4 potions of mutation
 h - a potion of attraction
 l - 4 potions of brilliance
 r - 2 potions of degeneration
 u - 6 potions of curing
 B - 4 potions of flight
 D - a potion of invisibility {unknown}
 E - a potion of haste
 K - a potion of heal wounds
 O - a potion of might
 P - 2 potions of cancellation {unknown}
 T - 3 potions of ambrosia {unknown}


   Skills:
 * Level 9.8 Fighting
 - Level 0.1 Armour
 + Level 12.6 Dodging
 - Level 1.0 Stealth
 - Level 10.7 Unarmed Combat


You had 11 spell levels left.
You didn't know any spells.
Your spell library contained the following spells:

 Spells                   Type           Power        Failure   Level
 Beastly Appendage        Tmut           0%           36%         1
 Corona                   Hex            0%           36%         1
 Magic Dart               Conj           0%           36%         1
 Summon Small Mammal      Summ           0%           36%         1
 Blink                    Tloc           N/A          50%         2
 Call Imp                 Summ           0%           50%         2
 Ensorcelled Hibernation  Hex/Ice        0%           50%         2
 Searing Ray              Conj           0%           50%         2
 Slow                     Hex            0%           50%         2
 Wereblood                Tmut           0%           50%         2
 Call Canine Familiar     Summ           0%           73%         3
 Confusing Touch          Hex            0%           73%         3
 Conjure Flame            Conj/Fire      0%           73%         3
 Dazzling Flash           Conj/Hex       0%           73%         3
 Mephitic Cloud           Conj/Pois/Air  0%           73%         3
 Spider Form              Tmut/Pois      0%           73%         3
 Summon Guardian Golem    Hex/Summ       0%           73%         3
 Tukima's Dance           Hex            0%           73%         3
 Fulminant Prism          Conj/Hex       0%           98%         4
 Ice Form                 Ice/Tmut       0%           98%         4
 Iskenderun's Mystic Bla  Conj/Tloc      0%           98%         4
 Summon Ice Beast         Ice/Summ       0%           98%         4
 Summon Lightning Spire   Summ/Air       0%           98%         4
 Blade Hands              Tmut           0%           100%        5


Dungeon Overview and Level Annotations

Branches:
Dungeon (13/15)            Temple (0/1) D:6            Lair (2/6) D:10
    Orc (0/2) D:10         Vaults (0/5) D:13          Sewer (visited)
  Swamp: Lair:2-4    Shoals: Lair:2-4     Snake: Lair:2-4    Spider: Lair:2-4

Altars:
Ashenzari
Cheibriados
Elyvilon
Gozag
Makhleb
Nemelex Xobeh
Qazlal
Uskayaw
Vehumet
Wu Jian
Yredelemnul

Shops:
D:7 (

Annotations:
D:13 Nessos


Innate Abilities, Weirdness & Mutations

You are too large for most types of armour.
You have claws for hands.
Your natural rate of healing is unusually fast.
You are covered in fur. (AC +1)
You have extremely tough skin. (AC +3)


Message History

The flash freeze hits you!
You are encased in ice.
There is a stone staircase leading up here.
The black mamba misses you. The black mamba bites you. The adder misses you.
The rime drake closely misses you.
You climb upwards.
There is a stone staircase leading down here.
You barely miss the rime drake.
The rime drake is severely wounded.
The ice encasing you melts away. The black mamba bites you!
* * * LOW HITPOINT WARNING * * *
The adder bites you but does no damage. The rime drake misses you.
As you read the scroll of teleportation, it crumbles to dust.
You feel strangely unstable. The black mamba closely misses you.
The adder barely misses you. The black mamba bites you!
* * * LOW HITPOINT WARNING * * *
The rime drake breathes ice at you. The flash freeze hits you!!
You die...

......#.....#.........##
......#.....#.........#
............#.......#.#
......#.....##.##..##.#
+#.###................##
.......................#
......................##
...............S......#
................@S....#
###.####.......k......#
.##.###.....#....##...#
#....^##....#......#..#
#.....##.(..+......#..#
#.....##....#.........#
###..###....#......#..#
##..####....#......#..#
............#.........#


You could see a black mamba, a rime drake (catching breath) and an adder.

Vanquished Creatures
  2 boulder beetles
  The ghost of IEatYoBabies the Protected, a journeyman GnWn of Okawaru (D:10)
  Pikel (D:4)
  An ugly thing (D:12)
  Maurice (D:8)
  A centaur zombie (D:10)
  Psyche (D:8)
  2 gargoyles
  4 cane toads
  2 komodo dragons
  4 kobold demonologists (D:12)
  A queen bee (D:9)
  4 trolls
  4 polar bears
  Grinder (D:3)
  Prince Ribbit (D:7)
  A hornet (D:11)
  9 blink frogs (Lair:1)
  3 slime creatures (D:13)
  Sigmund (D:4)
  2 water elementals (D:12)
  2 centaur simulacra (D:12)
  2 yaks (D:12)
  A wraith (D:12)
  A basilisk (Lair:1)
  Menkaure (D:6)
  6 water moccasins
  Edmund (D:5)
  4 orc warriors
  7 ice beasts
  Purgy (Sewer)
  2 phantoms
  A necrophage (D:10)
  A sky beast (D:9)
  5 ogres
  7 wolves
  8 centaurs
  4 lemures (D:4)
  A big kobold (D:12)
  9 bullfrogs
  A wyvern zombie (D:7)
  2 gnoll sergeants
  A wyvern skeleton (D:7)
  3 scorpions (D:9)
  6 wights
  25 killer bees
  8 howler monkeys
  A bullfrog zombie (D:9)
  18 hounds
  A wyvern simulacrum (D:12)
  A quasit (D:10)
  7 orc priests
  15 orc wizards
  2 bullfrog skeletons
  4 iguanas
  7 worker ants
  2 bullfrog simulacra (D:12)
  A hound zombie (D:8)
  Robin (D:4)
  12 gnolls
  17 adders
  A river rat (D:6)
  10 white imps
  6 ufetubi
  2 oozes
  5 adder skeletons
  An adder zombie (D:7)
  2 worms
  2 dart slugs (D:1)
  5 leopard geckos
  49 orcs
  5 bats
  3 giant cockroaches
  13 goblins
  12 hobgoblins
  31 jackals
  6 quokkas
  5 ball pythons
  11 frilled lizards
  2 gnoll zombies (D:6)
  14 kobolds
  A quokka skeleton (D:5)
  A quokka zombie (D:7)
  5 rats
438 creatures vanquished.

Vanquished Creatures (others)
  6 fungi
  88 plants
94 creatures vanquished.

Grand Total: 532 creatures vanquished

Notes
Turn   | Place    | Note
-------+----------+-------------------------------------------
     0 | D:1      | smips the Troll Monk began the quest for the Orb.
     0 | D:1      | Reached XP level 1. HP: 22/22 MP: 0/0
    37 | D:1      | Reached XP level 2. HP: 21/29 MP: 1/1
   386 | D:1      | Reached XP level 3. HP: 31/36 MP: 2/2
   977 | D:2      | Reached XP level 4. HP: 44/44 MP: 3/3
   981 | D:2      | Noticed a +0 dagger
   981 | D:2      | Noticed a +0 hand axe
   985 | D:2      | Reached skill level 5 in Unarmed Combat
   988 | D:2      | Found a hide-covered altar of Uskayaw.
  1072 | D:2      | Found a snail-covered altar of Cheibriados.
  1499 | D:3      | Noticed Grinder
  1500 | D:3      | Paralysed by Grinder for 5 turns
  1509 | D:3      | Paralysed by Grinder for 2 turns
  1516 | D:3      | Killed Grinder
  1517 | D:3      | Reached XP level 5. HP: 23/50 MP: 4/4
  1517 | D:3      | Reached XP level 6. HP: 27/59 MP: 5/5
  2437 | D:4      | Noticed Pikel
  2529 | D:4      | Killed Pikel
  2530 | D:4      | Reached XP level 7. HP: 57/66 MP: 6/6
  2854 | D:4      | Noticed Sigmund
  2862 | D:4      | Killed Sigmund
  2863 | D:4      | Reached skill level 10 in Unarmed Combat
  2863 | D:4      | Reached XP level 8. HP: 69/74 MP: 7/7
  3079 | D:4      | Found a white marble altar of Elyvilon.
  3294 | D:4      | Noticed Robin
  3306 | D:4      | Killed Robin
  3463 | D:5      | Entered Level 5 of the Dungeon
  3641 | D:5      | Got a smoking pewter ring
  3667 | D:5      | Found an opulent altar of Gozag.
  3673 | D:5      | Identified the ring "Casuor" {*Tele rPois Str+5} (You found
                  | it on level 5 of the Dungeon)
  3732 | D:5      | You fall into a shaft and drop 3 floors!
  3780 | D:8      | Reached skill level 3 in Dodging
  3792 | D:8      | Noticed Maurice
  4097 | D:8      | Noticed Psyche
  4114 | D:8      | Killed Psyche
  4115 | D:8      | Reached skill level 4 in Dodging
  4266 | D:8      | Reached XP level 9. HP: 51/83 MP: 4/8
  4442 | D:8      | Killed Maurice
  4443 | D:8      | Reached skill level 5 in Dodging
  4542 | D:8      | Found a stormy altar of Qazlal.
  4932 | D:7      | Found a sparkling altar of Nemelex Xobeh.
  4940 | D:7      | Found Uzyocaen's Antique Weapon Emporium.
  4946 | D:7      | Found an opulent altar of Gozag.
  5059 | D:7      | Reached skill level 6 in Dodging
  5161 | D:7      | Noticed Prince Ribbit
  5176 | D:7      | Killed Prince Ribbit
  5337 | D:7      | Reached skill level 7 in Dodging
  5792 | D:7      | Found a broken altar of Ashenzari.
  5946 | D:6      | Reached XP level 10. HP: 92/94 MP: 9/9
  6016 | D:6      | Found a glowing drain.
  6026 | Sewer    | Entered a sewer
  6086 | Sewer    | Noticed Purgy
  6093 | Sewer    | Killed Purgy
  6219 | D:6      | Reached skill level 8 in Dodging
  6407 | D:6      | Noticed Menkaure
  6415 | D:6      | Killed Menkaure
  6479 | D:6      | Found a basalt altar of Yredelemnul.
  6550 | D:6      | Found an ornate altar of the Wu Jian Council.
  6558 | D:6      | Reached skill level 5 in Fighting
  6807 | D:6      | Found a radiant altar of Vehumet.
  7038 | D:6      | Found a stormy altar of Qazlal.
  7121 | D:6      | Found a staircase to the Ecumenical Temple.
  7180 | D:6      | Reached skill level 9 in Dodging
  7911 | D:5      | Noticed Edmund
  7916 | D:5      | Killed Edmund
  8414 | D:9      | Found the macabre finger necklace {rN+}
  8443 | D:9      | You fall into a shaft and drop 1 floor!
  8443 | D:10     | Entered Level 10 of the Dungeon
  8615 | D:10     | Noticed IEatYoBabies's ghost (journeyman GnWn)
  8878 | D:10     | HP: 3/98 [komodo dragon (7)]
  9035 | D:10     | Found a staircase to the Lair.
  9335 | D:10     | Found a staircase to the Orcish Mines.
  9350 | D:10     | Found a runed translucent gate.
  9350 | D:10     | Found a runed translucent gate.
  9350 | D:10     | Found a runed translucent gate.
  9738 | D:10     | Killed IEatYoBabies's ghost
  9739 | D:10     | Reached skill level 10 in Dodging
  9740 | D:10     | Reached XP level 11. HP: 67/107 MP: 10/10
 10500 | D:12     | Noticed a brown ugly thing
 10512 | D:12     | Killed a brown ugly thing
 10578 | D:12     | Found a burning altar of Makhleb.
 10649 | D:12     | Became a worshipper of Makhleb the Destroyer
 10649 | D:12     | Reached * piety under Makhleb
 10649 | D:12     | Reached ** piety under Makhleb
 10774 | D:12     | Reached skill level 11 in Dodging
 10795 | D:12     | Noticed a boulder beetle
 10989 | D:12     | Killed a boulder beetle
 11189 | D:12     | Reached *** piety under Makhleb
 11496 | D:13     | Found a gate to the Vaults.
 11496 | D:13     | Noticed Nessos
 11496 | D:13     | Noticed an orc knight
 11496 | D:13     | Noticed a two-headed ogre
 11496 | D:13     | Noticed a five-headed hydra
 11712 | Lair:1   | Entered Level 1 of the Lair of Beasts
 11769 | Lair:1   | Reached XP level 12. HP: 119/122 MP: 11/11
 12121 | Lair:1   | Reached skill level 12 in Dodging
 12924 | D:9      | Noticed a boulder beetle
 12947 | D:9      | Reached **** piety under Makhleb
 12954 | D:9      | Killed a boulder beetle
 13485 | Lair:2   | Reached ***** piety under Makhleb
 13500 | Lair:1   | Killed from afar by a rime drake

Illustrated notes

Levels and vault maps discovered:
D:1:      giann_forest_graveyard, layout_loops_ring
D:2:      layout_basic, dancing_weapons_uskayaw, serial_curves, eino_curves_02,
          eino_curves_01, cheibriados_altar_1
D:3:      layout_loops_corners, uniq_grinder
D:4:      layout_gridville, kennysheep_mini, uniq_robin, uniq_sigmund,
          uniq_pikel
D:5:      layout_loops_ring, lemuel_doored_altar,
          hangedman_abyss_or_decor_stabs, uniq_edmund
D:6:      kennysheep_housing_project, layout_basic, old_standard_altar,
          lemuel_zombie_altar_yredelemnul, general_overflow_altar,
          minmay_temple_entry_poolview, gup_sewer_entry_bubbles,
          hangedman_abyss_or_decor_jellyfish_corner, lemuel_statue_altar,
          uniq_menkaure
D:7:      layout_loops_ring, overflow_temple_1_default, kennysheep_little_box,
          serial_shops, shop, grunt_gozag_statues, uniq_prince_ribbit1
D:8:      layout_basic, grunt_qazlal_clouds, uniq_psyche, uniq_maurice
D:9:      layout_roguey, minivault_7
D:10:     layout_irregular_city, david_lair_shrubbed, hiddenorc1_lemuel,
          gammafunk_ghost_split
D:11:     layout_loops_cross
D:12:     layout_basic, serial_ice, serial_ice_b, serial_ice_h, serial_ice_a,
          serial_ice_f, serial_ice_i, serial_ice_d, serial_ice_g, serial_ice_o,
          serial_ice_c, serial_ice_e, bloody_makhleb
D:13:     layout_roguey, david_vaults_3, uniq_josephine
Lair:1:   layout_regular_city
Lair:2:   layout_loops_ring, minmay_snake_entry_six_corridors,
          nicolae_volcano_entry_lava_flow

Skill      XL: |  1  2  3  4  5  6  7  8  9 10 11 12 |
---------------+-------------------------------------+-----
Unarmed Combat | 4 6 9 10 | 10.7
Dodging        | 4 7 10 11 12 | 12.6
Fighting       | 3 4 6 8 9 |  9.8
Armour         | |  0.1
Stealth        | |  1.0

Action                   |  1- 3 |  4- 6 |  7- 9 | 10-12 || total
-------------------------+-------+-------+-------+-------++-------
Melee: Unarmed           |    80 |   116 |   260 |   875 ||  1331
       Punch             |     1 |     2 |    14 |    60 ||    77
  Use: Scroll            |       |       |    13 |    10 ||    23
       Potion            |       |       |     1 |     3 ||     4
 Stab: Sleeping          |     1 |       |     3 |     7 ||    11
       Distracted        |       |       |       |     1 ||     1
Armor: Robe              |    25 |    39 |    48 |    79 ||   191
       Troll leather arm |       |       |       |   112 ||   112
Dodge: Dodged            |    49 |    52 |   113 |   740 ||   954

Table legend: (Time is in decaauts)
 A = Elapsed time spent in this place.
 B = Non-inter-level travel time spent in this place.
 C = Inter-level travel time spent in this place.
 D = Time resting spent in this place.
 E = Time spent auto-exploring this place.
 F = Levels seen in this place.
 G = Mean time per level.
                   A        B        C        D        E       F      G
               +--------+--------+--------+--------+--------+-----+--------+
         Total |  13306 |  12531 |    775 |   1066 |   8353 |  16 |  831.6 |
       Dungeon |  12050 |  11328 |    722 |    908 |   7752 |  13 |  926.9 |
          Lair |   1087 |   1035 |     52 |    158 |    601 |   2 |  543.5 |
         Sewer |    168 |    168 |      0 |      0 |      0 |   1 |  168.0 |
               +--------+--------+--------+--------+--------+-----+--------+

Top non-repeatable levels by time:
     D:6: 1606 daAuts
    D:10: 1434 daAuts
     D:8: 1385 daAuts
     D:4: 1178 daAuts
    D:12: 1058 daAuts
  Lair:1: 1054 daAuts
     D:7: 882 daAuts
     D:3: 842 daAuts
     D:2: 758 daAuts
     D:5: 738 daAuts
     D:9: 730 daAuts
     D:1: 714 daAuts
    D:11: 650 daAuts
   Sewer: 168 daAuts
    D:13: 71 daAuts
